 Dungeon Crawl Stone Soup version 0.29.1-2-gbd0b4ee654 (webtiles) character file.

Game seed: 1434811118478325120

378 funnyparkerb the Conjurer (level 6, -5/34 HPs)
             Began as a Deep Elf Conjurer on Nov 16, 2022.
             Slain by Pikel
             ... wielding a +1 whip of flaming
              (6 damage)
             ... on level 4 of the Dungeon.
             The game lasted 00:06:22 (2812 turns).

funnyparkerb the Conjurer (Deep Elf Conjurer)       Turns: 2812, Time: 00:06:24

Health: -5/34      AC:  2    Str:  4    XL:     6   Next: 45%
Magic:  4/16       EV: 13    Int: 31    God:
Gold:   173        SH:  0    Dex: 13    Spells: 3/16 levels left

rFire   . . .      SeeInvis .   q - +6 scythe (venom)
rCold   . . .      Faith    .   (shield currently unavailable)
rNeg    . . .      Spirit   .   a - +0 robe
rPois   .          Reflect  .   (no helmet)
rElec   .          Harm     .   (no cloak)
rCorr   .          Rampage  .   (no gloves)
Will    .....                   (no boots)
Stlth   ++........              (no amulet)
HPRegen 0.11/turn               c - +6 ring of intelligence
MPRegen 0.15/turn               (no ring)

@: no status effects
A: no striking features
a: no special abilities


You were on level 4 of the Dungeon.
You visited 1 branch of the dungeon, and saw 4 of its levels.

You collected 173 gold pieces.

Inventory:

Hand Weapons
 q - a +6 scythe of venom (weapon)
Missiles
 s - a throwing net
Armour
 a - a +0 robe (worn)
 i - a +0 ring mail of willpower
Jewellery
 c - a +6 ring of intelligence (left hand)
Wands
 r - a wand of polymorph (9)
Scrolls
 b - a scroll of acquirement {unknown}
 g - a scroll of identify {unknown}
 h - a scroll of fear {unknown}
 j - a scroll of enchant weapon {unknown}
 k - 2 scrolls of poison {unknown}
 l - a scroll of blinking {unknown}
 m - a scroll of magic mapping {unknown}
 t - a scroll of brand weapon {unknown}
 u - a scroll of immolation {unknown}
Potions
 d - a potion of experience {unknown}
 e - a potion of invisibility {unknown}
 f - 2 potions of curing {unknown}
 n - a potion of mutation {unknown}
 o - a potion of cancellation {unknown}
 p - a potion of might


   Skills:
 + Level 1.2 Fighting
 + Level 3.2 Dodging
 - Level 2.4 Stealth
 + Level 5.9 Spellcasting
 + Level 6.2 Conjurations
 + Level 1.6 Hexes
 + Level 1.7 Ice Magic


You had 3 spell levels left.
You knew the following spells:

 Your Spells              Type           Power      Damage    Failure   Level
a - Magic Dart            Conj           100%       1d8       1%          1
b - Searing Ray           Conj           94%        2d7       1%          2
c - Ozocubu's Armour      Ice            19%        N/A       8%          3
d - Dazzling Flash        Conj/Hex       66%        N/A       3%          3
e - Fulminant Prism       Conj/Hex       16%        3d11      10%         4

Your spell library contained the following spells:

 Spells                   Type           Power      Damage    Failure   Level
 Portal Projectile        Hex/Tloc       28%        N/A       11%         3
 Call Canine Familiar     Summ           9%         N/A       16%         3
 Iskenderun's Mystic Bla  Conj/Tloc      28%        2d7       14%         4
 Leda's Liquefaction      Hex/Erth       7%         N/A       34%         4
 Dispersal                Tloc           4%         N/A       100%        6
 Ozocubu's Refrigeration  Ice            9%         4d9       100%        7
 Disjunction              Tloc           4%         N/A       100%        8


Dungeon Overview and Level Annotations

Branches:
Dungeon (4/15)
 Temple: D:4-7

Altars:
Gozag

Annotations:
D:4 Pikel


Message History

Aiming: Searing Ray (safe; 1% risk of failure)
Press: ? - help, Shift-Dir - straight line, f - lemure, p - Pikel
Aim: a lemure (moderately wounded, 77% to hit)
The searing ray hits Pikel.
Pikel is severely wounded.
The searing ray hits the lemure.
The lemure is severely wounded. (Press . to maintain the ray.) Pikel hits you with a +1 whip of flaming.
Pikel burns you.
The searing ray hits Pikel!
Pikel is almost dead.
The searing ray hits the lemure!
The lemure is almost dead.
Pikel hits you with a +1 whip of flaming.
Pikel burns you.
* * * LOW HITPOINT WARNING * * *
The searing ray hits the lemure!
You kill the lemure!
That felt strangely unrewarding.
Pikel hits you with a +1 whip of flaming.
* * * LOW HITPOINT WARNING * * *
Pikel burns you.
* * * LOW HITPOINT WARNING * * *
A lemure comes into view.
You finish channelling your searing ray.
Pikel hits you with a +1 whip of flaming.
* * * LOW HITPOINT WARNING * * *
Pikel burns you.
* * * LOW HITPOINT WARNING * * *
Okay, then.
Casting: Searing Ray (safe; 1% risk of failure)
Confirm with . or Enter, or press ? or * to list all spells.
Aiming: Magic Dart (safe; 1% risk of failure)
Press: ? - help, Shift-Dir - straight line, f - Pikel
Aim: Pikel, wielding a +1 whip of flaming and wearing a +0 robe (almost dead, 100% to hit)
The magic dart hits Pikel but does no damage.
Pikel is almost dead.
Pikel hits you with a +1 whip of flaming.
You die...

#.# #.# #
#.###.#.###.#
#.######...........#
#..>....5###########
########.# #5#
###.##### #..K....#
#.#@..#.#
#.#.†.#.##.. #
##........ #>
#.##.##.. #.##.##.#
..##.......#
#.......####
..#####..# ##.#


You could see Pikel and 2 lemures.

Vanquished Creatures
  Sigmund (D:3)
  A lemure (D:4)
  Jessica (D:3)
  An orc wizard (D:3)
  Terence (D:3)
  6 adders
  3 worms
  A dart slug (D:3)
  6 orcs (D:3)
  3 ball pythons
  An endoplasm (D:1)
  A giant cockroach (D:2)
  5 goblins
  10 hobgoblins
  4 jackals (D:3)
  4 kobolds
  6 quokkas
  8 bats
  6 frilled lizards
  5 rats
74 creatures vanquished.

Notes
Turn   | Place    | Note
-------+----------+-------------------------------------------
     0 | D:1      | funnyparkerb the Deep Elf Conjurer began the quest for the
                  | Orb.
     0 | D:1      | Reached XP level 1. HP: 10/10 MP: 6/6
   345 | D:1      | Reached XP level 2. HP: 15/15 MP: 8/8
   392 | D:1      | Learned a level 2 spell: Searing Ray
   724 | D:2      | Reached skill level 5 in Conjurations
   724 | D:2      | Reached XP level 3. HP: 19/19 MP: 1/10
  1312 | D:2      | Found a faded altar of an unknown god.
  1497 | D:2      | Reached XP level 4. HP: 24/24 MP: 9/12
  1651 | D:3      | Noticed Terence
  1667 | D:3      | Killed Terence
  1668 | D:3      | Reached skill level 5 in Spellcasting
  1968 | D:3      | Learned a level 3 spell: Ozocubu's Armour
  1981 | D:3      | Reached XP level 5. HP: 28/28 MP: 10/14
  1982 | D:3      | Noticed Jessica
  1987 | D:3      | Killed Jessica
  2172 | D:3      | Noticed Sigmund
  2180 | D:3      | Learned a level 3 spell: Dazzling Flash
  2185 | D:3      | Learned a level 4 spell: Fulminant Prism
  2194 | D:3      | Killed Sigmund
  2195 | D:3      | Reached skill level 1 in Fighting
  2195 | D:3      | Reached skill level 6 in Conjurations
  2195 | D:3      | Reached skill level 1 in Hexes
  2195 | D:3      | Reached skill level 1 in Ice Magic
  2195 | D:3      | Reached XP level 6. HP: 34/34 MP: 6/16
  2333 | D:3      | Found an opulent altar of Gozag.
  2792 | D:4      | Noticed Pikel
  2811 | D:4      | HP: 1/34 [Pikel/+1 whip of flaming (1)]
  2812 | D:4      | Slain by Pikel

Illustrated notes

Levels and vault maps discovered:
D:1:      minmay_arrival_three_doors, layout_rooms
D:2:      layout_rooms, hellmonk_ecumenical_altar_prayer_group,
          minmay_heptomino_w4
D:3:      layout_rooms, nicolae_gozag_seed_capital, grunt_ministairs_12,
          uniq_terence, uniq_jessica, uniq_sigmund
D:4:      layout_loops_cross, hangedman_ru_absence, serial_shops,
          kennysheep_little_box, uniq_pikel, uniq_crazy_yiuf_cottage,
          uniq_natasha

Skill      XL: |  1  2  3  4  5 |
---------------+----------------+-----
Spellcasting   | 4 5 |  5.9
Conjurations   | 5 6 |  6.2
Fighting       | 1 |  1.2
Dodging        | 3 |  3.2
Hexes          | 1 |  1.6
Ice Magic      | 1 |  1.7
Stealth        | |  2.4

Action                   |  1- 3 |  4- 6 || total
-------------------------+-------+-------++-------
Melee: Dagger            |     8 |     3 ||    11
       Halberd           |       |    11 ||    11
 Cast: Magic Dart        |    75 |    75 ||   150
       Searing Ray       |     1 |     6 ||     7
  Use: Potion            |     1 |       ||     1
 Stab: Sleeping          |     1 |       ||     1
Armor: Robe              |     2 |     9 ||    11
Dodge: Dodged            |    12 |    32 ||    44
